 Dungeon Crawl Stone Soup version 0.27.0-1-g7a089689b8 (webtiles) character file.

Game seed: 7715546347775845640

223 Descartes the Covert (level 5, -5/24 HPs)
             Began as a Spriggan Enchanter on Aug 10, 2021.
             Killed by a torrent of water (19 damage)
             ... invoked by the enmity of Fedhas Madash
             ... on level 2 of the Dungeon.
             The game lasted 00:05:30 (3569 turns).

Descartes the Covert (Spriggan Enchanter)           Turns: 3569, Time: 00:05:30

Health: -5/24      AC:  2    Str:  5    XL:     5   Next: 66%
Magic:  19/19      EV: 17    Int: 17    God:
Gold:   82         SH:  0    Dex: 15    Spells: 8/9 levels left

rFire    + . .     SeeInvis +   a - +1 dagger
rCold    x . .     Faith    .   (shield restricted)
rNeg     . . .     Spirit   .   b - +0 robe
rPois    .         Reflect  .   (helmet restricted)
rElec    .         Harm     .   (no cloak)
rCorr    .         Rampage  .   (gloves unavailable)
Will     .....                  (boots unavailable)
Stlth    ++++......             (no amulet)
HPRegen  0.08/turn              f - ring of magical power
MPRegen  0.16/turn              j - ring of fire

@: very quick
A: very small, no large weapons, unfitting armour, see invisible, speed 3
a: no special abilities


You were on level 2 of the Dungeon.
You visited 1 branch of the dungeon, and saw 2 of its levels.

You collected 82 gold pieces.

Inventory:

Hand Weapons
 a - a +1 dagger (weapon)
 m - a +0 hand axe of venom
Missiles
 c - 2 curare-tipped darts
 i - 28 sling bullets
 n - 25 stones
Armour
 b - a +0 robe (worn)
Magical Staves
 q - a staff of earth
Jewellery
 f - a ring of magical power (left hand)
 j - a ring of fire (right hand)
Scrolls
 d - 3 scrolls of identify {unknown}
 e - a scroll of torment {unknown}
 l - a scroll of fog {unknown}
 o - 2 scrolls of teleportation {unknown}
 p - a scroll of blinking {unknown}
Potions
 g - a potion of lignification {unknown}
 h - a potion of curing {unknown}
 k - 2 potions of heal wounds {unknown}


   Skills:
 - Level 1.1 Short Blades
 + Level 0.0(0.2) Long Blades
 + Level 2.6 Dodging
 - Level 10.0 Stealth
 - Level 2.6 Spellcasting
 - Level 3.6 Hexes


You had 8 spell levels left.
You knew the following spells:

 Your Spells              Type           Power      Damage    Failure   Level
a - Corona                Hex            15%        N/A       4%          1

Your spell library contained the following spells:

 Spells                   Type           Power      Damage    Failure   Level
 Confusing Touch          Hex            14%        N/A       12%         3
 Tukima's Dance           Hex            14%        N/A       12%         3
 Ensorcelled Hibernation  Hex/Ice        16%        N/A       13%         2
 Apportation              Tloc           4%         N/A       19%         1
 Dazzling Flash           Conj/Hex       16%        N/A       26%         3


Dungeon Overview and Level Annotations

Branches:
Dungeon (2/15)

Altars:
Fedhas


Innate Abilities, Weirdness & Mutations

You are very small and have problems with some larger weapons.
You are too small for most types of armour.
You have supernaturally acute eyesight. (SInv)
You cover ground extremely quickly. (Speed+++)


Message History

The adder bites you.
You closely miss the adder.
The adder is severely wounded.
The adder barely misses you. x2
You closely miss the adder.
The adder is severely wounded.
The adder closely misses you.
You hit the adder but do no damage.
The adder is severely wounded.
The adder closely misses you.
You hit the adder but do no damage.
The adder is severely wounded.
The adder bites you.
You are too injured to fight recklessly!
You are too injured to fight recklessly!
You are too injured to fight recklessly!
You are too injured to fight recklessly!
You are too injured to fight recklessly!
You are too injured to fight recklessly!
You are too injured to fight recklessly!
You are too injured to fight recklessly!
You are too injured to fight recklessly!
You are too injured to fight recklessly!
You are too injured to fight recklessly!
You are too injured to fight recklessly!
You are too injured to fight recklessly!
You are too injured to fight recklessly!
You are too injured to fight recklessly!
You are too injured to fight recklessly!
You are too injured to fight recklessly!
You are too injured to fight recklessly!
You hit the adder.
You kill the adder!
Training target 10.0 for Stealth reached!
Your Stealth skill increases to level 10!
You need to enable at least one skill for training.
Fedhas invokes nature against you. The torrent of water hits you!!
Ouch! That really hurt!
You die...

#. #### #. ..# #. #.#
#. ############.###.
#####.....?....<..##.
#.......(............
#.###.#..............
#>..@................
#.....#.##########...
#..(..#.# ....
#....[#'# .#.#.
#........ #.#...
#........ # #...
#....... +#...
......... # ...# #.
P#.


You could see the enmity of Fedhas Madash (unaware).

Vanquished Creatures
  Sigmund (D:2)
  2 adders (D:2)
  3 dart slugs
  4 bats
  4 endoplasms
  2 giant cockroaches
  2 goblins
  5 hobgoblins
  5 jackals (D:1)
  4 ball pythons
  3 frilled lizards
  2 kobolds (D:2)
  4 rats (D:1)
41 creatures vanquished.

Vanquished Creatures (others)
  4 fungi (D:2)
  A plant (D:2)
5 creatures vanquished.

Grand Total: 46 creatures vanquished

Notes
Turn   | Place    | Note
-------+----------+-------------------------------------------
     0 | D:1      | Descartes the Spriggan Enchanter began the quest for the
                  | Orb.
     0 | D:1      | Reached XP level 1. HP: 9/9 MP: 5/5
   172 | D:1      | Reached skill level 5 in Stealth
   470 | D:1      | Reached XP level 2. HP: 13/13 MP: 6/6
  1313 | D:1      | Reached skill level 6 in Stealth
  1875 | D:1      | Reached XP level 3. HP: 16/16 MP: 8/8
  2194 | D:2      | Noticed Sigmund
  2202 | D:2      | Killed Sigmund
  2203 | D:2      | Reached skill level 9 in Stealth
  2203 | D:2      | Reached XP level 4. HP: 10/21 MP: 9/9
  2203 | D:2      | Reached XP level 5. HP: 12/24 MP: 10/10
  2611 | D:2      | Found a faded altar of an unknown god.
  2922 | D:2      | Got Plato's Papyrus of the Voyage
  2923 | D:2      | Became a worshipper of Fedhas Madash
  2923 | D:2      | Reached * piety under Fedhas
  2987 | D:2      | Fell from the grace of Fedhas
  3535 | D:2      | Reached skill level 10 in Stealth
  3569 | D:2      | Killed by a torrent of water

Illustrated notes

Levels and vault maps discovered:
D:1:      dpeg_arrival_ternary, layout_basic
D:2:      layout_basic, shapermc_ecumenical_altar_rom_forum,
          minmay_pentomino_pile, uniq_sigmund

Skill      XL: |  1  2  3  4  5 |
---------------+----------------+-----
Stealth        | 5 6 9 10 | 10.0
Short Blades   | |  1.1
Dodging        | |  2.6
Spellcasting   | |  2.6
Hexes          | |  3.6

Action                   |  1- 3 |  4- 6 || total
-------------------------+-------+-------++-------
Melee: Dagger            |   111 |    84 ||   195
 Cast: Corona            |     6 |     1 ||     7
Invok: Renounce Religion |       |     1 ||     1
 Stab: Sleeping          |     6 |     3 ||     9
       Distracted        |       |     1 ||     1
Armor: Robe              |    10 |     6 ||    16
Dodge: Dodged            |   104 |    65 ||   169
